 Dungeon Crawl Stone Soup version 0.17.2-1-ge4368a0 (webtiles) character file.

438642 Ladykiller69 the Severer (level 25, -9/203 HPs)
             Began as a Formicid Fighter on Sept 20, 2016.
             Was the Champion of Cheibriados.
             Hit by a large rock thrown by a stone giant (30 damage)
             ... on level 5 of the Vaults on Oct 8, 2016.
             The game lasted 03:11:14 (46144 turns).

Ladykiller69 the Severer (Formicid Fighter)        Turns: 46144, Time: 03:11:21

Health: -9/203     AC: 25    Str: 47    XL:     25   Next: 24%
Magic:  14/35      EV: 25    Int: 24    God:    Cheibriados [******]
Gold:   5097       SH: 28    Dex: 25    Spells: 5 memorised, 24 levels left

rFire  + . .     SeeInvis +     C - +1 battleaxe (elec)
rCold  + . .     Clarity  .     T - +0 plate armour {rC+}
rNeg   . . .     SustAt   .     v - +2 large shield
rPois  .         Gourm    .     (helmet unavailable)
rElec  .         Spirit   .     P - +2 cloak of Lugonu's Reproof {Slay+3}
rCorr  .         Warding  .     (no gloves)
rMut   .         Stasis   +     b - +2 pair of boots {Fly}
MR     ++...                    F - amulet of regeneration
Stlth  ..........               (no ring)
                                h - ring of protection from fire

@: flying, regenerating, very slow, very resistant to hostile enchantments,
extremely unstealthy
A: permanent stasis, dig shafts and tunnels, four strong arms, antennae 3
a: Dig, Shaft Self, Bend Time, Temporal Distortion, Slouch, Step From Time,
Renounce Religion, Stop Flying
}: 2/15 runes: serpentine, barnacled


You were on level 5 of the Vaults.
You worshipped Cheibriados.
Cheibriados was exalted by your worship.
You were hungry.

You visited 9 branches of the dungeon, and saw 45 of its levels.
You visited the Abyss 1 time.
You also visited: Volcano.

You collected 5531 gold pieces.
You spent 434 gold pieces at shops.

Inventory:

Hand Weapons
 C - a +1 battleaxe of electrocution (weapon)
Missiles
 f - 6 javelins of penetration
 s - 89 tomahawks (quivered)
 x - 14 tomahawks of returning
 B - 21 javelins
 H - 28 javelins of returning
 J - 6 steel tomahawks
 K - 14 steel javelins
 R - 3 silver tomahawks
 Y - 9 throwing nets
Armour
 b - a +2 pair of boots of flying (worn)
 v - a +2 large shield (worn)
 P - the +2 cloak of Lugonu's Reproof (worn) {Slay+3}
   (You bought it in a shop on level 13 of the Dungeon)

   It affects your accuracy and damage with ranged weapons and melee attacks
   (+3).
 T - a +0 plate armour of cold resistance (worn)
Jewellery
 d - an uncursed ring of protection from cold
 h - a ring of protection from fire (left hand)
 y - an uncursed amulet of resist mutation
 F - an amulet of regeneration (around neck)
 I - an uncursed ring of positive energy
 S - an uncursed ring of protection from magic
 W - the ring of Robustness {AC+8}
   (You found it on level 2 of the Snake Pit)

   [ring of protection]

   It affects your AC (+8).
 X - an uncursed ring of wizardry
Scrolls
 i - 12 scrolls of identify
 m - 14 scrolls of amnesia
 n - 5 scrolls of fog
 q - 16 scrolls of remove curse
 r - 2 scrolls of holy word
 w - 11 scrolls of magic mapping
 E - 8 scrolls of fear
 G - 2 scrolls of enchant weapon
 M - 9 scrolls of recharging
 N - 3 scrolls of enchant armour
 U - 2 scrolls of noise
 Z - a scroll of silence
Potions
 g - 9 potions of agility
 k - 12 potions of curing
 l - 2 potions of cancellation
 p - 7 potions of heal wounds
 t - 5 potions of magic
 u - a potion of resistance
 z - 3 potions of lignification
 A - 2 potions of might
 D - 3 potions of ambrosia
 L - 4 potions of invisibility
 O - 9 potions of brilliance
Books
 c - a book of Battle

   Spells                             Type                      Level
   a - Infusion                       Charms                       1
   b - Shroud of Golubria             Charms/Translocation         2
   c - Song of Slaying                Charms                       2
   d - Spectral Weapon                Hexes/Charms                 3
   e - Regeneration                   Charms/Necromancy            3
Miscellaneous
 Q - a sack of spiders
Comestibles
 a - 4 slices of pizza
 e - 22 bread rations
 j - 19 fruits
 o - 17 meat rations
 V - a royal jelly


   Skills:
 + Level 17.6 Fighting
 - Level 20.2 Axes
 + Level 17.7 Armour
 + Level 15.4 Dodging
 - Level 15.3 Shields
 - Level 5.0 Spellcasting
 * Level 6.4 Hexes
 * Level 5.8 Charms
 * Level 5.4 Summonings
 * Level 5.8 Necromancy
 * Level 5.0 Translocations
 - Level 17.0 Invocations


You had 24 spell levels left.
You knew the following spells:

 Your Spells              Type           Power        Failure   Level  Hunger
a - Summon Butterflies    Summ           ####....     2%          1    None
b - Corona                Hex            #####..      1%          1    None
c - Shroud of Golubria    Chrm/Tloc      ####......   4%          2    None
d - Regeneration          Chrm/Necr      ####......   8%          3    ##.....
e - Spectral Weapon       Hex/Chrm       #####...     8%          3    ##.....


Dungeon Overview and Level Annotations

Branches:
Dungeon (15/15)            Temple (1/1) D:4            Lair (8/8) D:8
 Shoals (4/4) Lair:5        Snake (4/4) Lair:4        Slime (0/6) Lair:7
    Orc (4/4) D:10            Elf (3/3) Orc:3        Vaults (5/5) D:14
  Crypt (1/3) Vaults:3     Depths (0/5) D:15

Altars:
Ashenzari
Cheibriados
Dithmenos
Elyvilon
Fedhas
Gozag
Kikubaaqudgha
Makhleb
Nemelex Xobeh
Okawaru
Qazlal
Ru
Sif Muna
Trog
Vehumet
Xom
Yredelemnul
Zin
The Shining One
Jiyva

Shops:
D:4 !   D:8 *   D:10 ?   D:13 [   Orc:2 *:   Orc:4 ((([   Shoals:1 :
Shoals:2 :   Vaults:1 *   Vaults:3 ?*

Annotations:
D:5 2 runed doors
Lair:3 exclusion: electric eel


Innate Abilities, Weirdness & Mutations

You are under a permanent stasis effect.
You can dig through walls and to a lower floor.
Your four strong arms can wield two-handed weapons with a shield.
You have a pair of large antennae on your head (SInv).


Message History

* * * LOW HITPOINT WARNING * * *
The soul eater is healed.
You hear a shout!
A shadow dragon comes into view.
The shadow dragon roars!
You hear a horrible gurgling sound!
You hear a shout!
You hear a shout! x9
You hear a roar!
You hear a shout!
You hear an angry hiss.
You hear two shouts!
A stone giant and a frost giant come into view.
You step out of the flow of time.
You hear a distant "Zot"! x2
You hear a distant blaring wail to the south.
You hear a distant "Zot"! x10
You return to the normal time flow.
You are feeling hungry.
A deep elf conjurer, a deep troll, a fire giant, a lich and an ironbrand convoker come into view.
The ironbrand convoker shouts!
The deep troll shouts!
The stone giant shouts!
The lich shouts!
The stone giant shouts!
The stone giant throws a large rock.
You block the large rock.
The stone giant throws a large rock.
The large rock hits you!!
You die...

#.C..# .#.#. .
#....# ..#.. #.
#....##.#.#
.#.#....#.#..
#..........#
##........#####
.....<<))......
.p..<.)@)(.T...
.....<<))......
.....).....(..(
##..e....)#####
..C........
...#...C#L..
...#....##.#.
.. #....# ###.


You could see a fire giant, 2 stone giants, a lich, a deep troll, an ironbrand
convoker and a deep elf conjurer.

Vanquished Creatures
  Mara (Vaults:4)
  Norris (Vaults:1)
  Saint Roka (Elf:2)
  A hellephant (Abyss:1)
  Jorgrun (Snake:2)
  Rupert (Orc:4)
  Asterion (Snake:2)
  2 deep elf master archers (Elf:3)
  2 deep elf blademasters (Elf:3)
  An Executioner (Abyss:1)
  A kraken (Shoals:3)
  Polyphemus (Shoals:3)
  Gastronok (D:9)
  5 tentacled starspawn (Abyss:1)
  A tengu reaver (Vaults:5)
  Roxanne (Snake:2)
  Ilsuiw (Shoals:4)
  8 greater nagas
  2 fire giants
  3 frost giants
  Maud (Lair:5)
  8 deep elf sorcerers
  7 vault wardens
  A cacodemon (Abyss:1)
  Aizul (Vaults:1)
  A curse skull (Crypt:1)
  An angel (D:13)
  A reaper (Abyss:1)
  The ghost of Glorfindel the Fencer, a journeyman HEAs of Ru (Snake:4)
  17 ironheart preservers
  5 stone giants
  A vampire knight (Crypt:1)
  11 deep elf demonologists
  10 deep elf annihilators
  11 very ugly things
  The ghost of jazmu the Cleaver, a journeyman GrSk of Okawaru (Lair:8)
  A salamander stormcaller (Vaults:2)
  Azrael (Elf:2)
  5 merfolk javelineers (Shoals:4)
  3 ettins
  4 deep elf death magi (Elf:3)
  5 yaktaur captains
  8 merfolk impalers
  25 vault guards
  Josephine (Orc:3)
  A blizzard demon (Abyss:1)
  4 deep elf high priests
  2 rakshasas
  Fannar (Lair:3)
  2 fire dragons
  17 ogre magi
  10 anacondas
  13 naga warriors
  8 hydras
  3 catoblepae
  Erolcha (Orc:3)
  5 centaur warriors
  2 great orbs of eyes
  Erica (D:8)
  3 merfolk avatars
  8 merfolk aquamancers
  An alligator snapping turtle (Shoals:3)
  9 death yaks
  16 dancing weapons (Elf:2)
  2 deep troll earth magi (Vaults:4)
  2 deep troll shamans
  6 hell knights (Vaults:4)
  18 naga sharpshooters
  22 deep elf knights
  3 thrashing horrors (Abyss:1)
  Urug (Lair:1)
  Sonja (D:10)
  Nergalle (Orc:3)
  2 orc high priests
  8 shock serpents
  7 skeletal warriors
  A wretched star (Abyss:1)
  19 small abominations
  3 giant orange brains
  A spatial maelstrom (Abyss:1)
  A salamander mystic (Snake:2)
  8 unseen horrors
  The ghost of magog001 the Bolt Thrower, a novice FoHu of Gozag (D:7)
  9 sea snakes
  3 flayed ghosts
  3 fire crabs
  9 deep trolls
  A shadow demon (Abyss:1)
  3 phantasmal warriors
  11 deep elf summoners
  14 ironbrand convokers
  8 orc knights
  45 ugly things
  5 naga ritualists
  A wolf spider zombie (D:15)
  2 harpies (shapeshifter)
  10 hill giants
  An iron dragon zombie (Abyss:1)
  4 wolf spiders
  29 deep elf conjurers
  2 orc sorcerers
  6 fauns
  3 hornets
  14 griffons
  A salamander (shapeshifter) (Vaults:2)
  9 mana vipers
  18 harpies
  9 salamanders
  9 sirens
  8 cyclopes
  6 necromancers
  3 worldbinders (Abyss:1)
  A rust devil (Abyss:1)
  26 naga magi
  4 guardian serpents
  8 water nymphs
  A frost giant skeleton (Vaults:1)
  Maurice (D:10)
  2 gargoyles
  2 centaur zombies
  Joseph (D:10)
  31 black mambas
  4 orange demons (Abyss:1)
  13 manticores
  16 elephants
  A guardian serpent (shapeshifter) (Vaults:2)
  An apocalypse crab (Abyss:1)
  5 smoke demons (Abyss:1)
  13 large abominations
  9 vault sentinels
  2 yaktaur zombies (Vaults:1)
  A tormentor (Abyss:1)
  13 spiny frogs
  12 komodo dragons
  A demonic crawler (Abyss:1)
  A fire drake (Lair:7)
  22 deep elf priests
  A red draconian zombie (Abyss:1)
  A silent spectre (Abyss:1)
  2 tengu conjurers
  An efreet (Abyss:1)
  24 yaktaurs
  4 kobold demonologists
  2 freezing wraiths
  A jumping spider (Vaults:4)
  6 ancient zymes (Abyss:1)
  A hellwing (Abyss:1)
  A two-headed ogre (shapeshifter) (Vaults:4)
  4 polar bears
  2 yaktaur skeletons
  23 merfolk
  A blue devil (Abyss:1)
  A merfolk (shapeshifter) (D:13)
  14 raiju (Abyss:1)
  4 boulder beetles
  21 blink frogs
  2 blink frogs (shapeshifter)
  2 slime creatures (Vaults:1)
  42 two-headed ogres
  An ice dragon zombie (Abyss:1)
  A trapdoor spider zombie (D:13)
  2 hornet zombies (D:15)
  7 trolls
  4 wind drakes
  8 snapping turtles
  5 ynoxinuls (Abyss:1)
  27 starcursed masses (Abyss:1)
  3 wyverns (D:13)
  9 redbacks
  Sigmund (D:5)
  4 basilisks
  2 fire elementals (Elf:2)
  16 water elementals
  43 deep elf magi
  9 wraiths
  23 wolves
  4 fire bats
  7 hippogriffs
  A neqoxec (Abyss:1)
  2 hungry ghosts
  Grum (D:8)
  8 vampire mosquitoes (Vaults:2)
  A chaos spawn (Abyss:1)
  A mottled dragon (Vaults:1)
  A steam dragon (D:11)
  88 yaks
  61 deep elf fighters
  Menkaure (D:6)
  An air elemental (Abyss:1)
  39 nagas
  5 hell hounds
  10 water moccasins
  8 wargs
  Duvessa (D:7)
  A sky beast (shapeshifter) (D:15)
  14 porcupines
  2 wasps
  An eye of draining (shapeshifter) (Vaults:4)
  4 phantoms
  33 orc warriors
  An eye of draining (D:12)
  An ice beast (D:8)
  A black bear (shapeshifter) (D:14)
  2 black bears (D:8)
  4 necrophages
  2 human zombies (Vaults:3)
  An elf zombie (Vaults:1)
  81 ogres
  6 centaurs
  A human skeleton (Vaults:3)
  10 crocodiles
  6 big kobolds
  A brain worm (D:13)
  2 gnoll sergeants
  A giant frog (shapeshifter) (Elf:3)
  26 giant frogs
  A wyvern zombie (D:14)
  Dowan (D:7)
  A scorpion (D:3)
  13 killer bees
  A water moccasin skeleton (D:10)
  4 electric eels
  3 wights (D:7)
  3 vampire bats (Lair:7)
  6 crimson imps
  3 quasits (Abyss:1)
  4 giant frog zombies
  3 jellies
  2 iron imps (Abyss:1)
  14 hounds
  22 orc wizards
  19 orc priests
  5 centaur skeletons
  4 hell rats (Lair:7)
  8 iguanas
  13 worker ants
  31 sheep
  A hound zombie (D:7)
  3 hound skeletons
  13 gnolls
  15 adders
  54 river rats
  5 white imps (Abyss:1)
  6 shadow imps
  An ooze (D:2)
  3 ufetubi (Abyss:1)
  A worm (D:2)
  3 adder skeletons
  2 giant geckos
  204 orcs
  2 bat zombies (D:9)
  5 giant cockroaches
  3 goblins
  8 hobgoblins
  5 quokkas
  2 ball pythons
  19 bats
  A giant gecko zombie (D:6)
  8 giant newts
  12 jackals
  23 kobolds
  A quokka zombie (D:7)
  9 rats
  A rat zombie (D:9)
  6 crawling corpses
  A fire vortex (Vaults:2)
  9 fungi
  12 plants
  9 starspawn tentacles (Abyss:1)
  3 tentacles (Shoals:3)
2195 creatures vanquished.

Vanquished Creatures (others)
  Margery (Vaults:4)
  A fire giant (D:15)
  A naga sharpshooter (Snake:4)
  A deep elf knight (Elf:1)
  A naga mage (Snake:1)
  A naga (Snake:4)
  A killer bee (D:7)
  An orc wizard (Orc:3)
  2 orcs (Orc:3)
  11 fungi
  8 plants
  4 starspawn tentacles (Abyss:1)
  52 starspawn tentacle segments (Abyss:1)
  6 tentacles (Shoals:3)
  152 tentacle segments (Shoals:3)
243 creatures vanquished.

Grand Total: 2438 creatures vanquished

Notes
Turn   | Place    | Note
--------------------------------------------------------------
     0 | D:1      | Ladykiller69 the Formicid Fighter began the quest for the Orb.
     0 | D:1      | Reached XP level 1. HP: 18/18 MP: 1/1
    11 | D:1      | Noticed a polar bear
    11 | D:1      | Noticed a fire drake
    12 | D:1      | Noticed a salamander
    20 | D:1      | Noticed a swamp worm
   124 | D:1      | Reached XP level 2. HP: 22/24 MP: 2/2
   396 | D:1      | Reached skill level 4 in Shields
   396 | D:1      | Reached XP level 3. HP: 26/29 MP: 3/3
   749 | D:2      | Reached XP level 4. HP: 22/36 MP: 4/4
  1222 | D:3      | Reached XP level 5. HP: 28/42 MP: 5/5
  1365 | D:3      | Reached skill level 5 in Shields
  1365 | D:3      | Reached XP level 6. HP: 35/48 MP: 6/6
  1416 | D:3      | Found a white marble altar of Elyvilon.
  2074 | D:4      | Found Nyim's Distillery.
  2081 | D:4      | Bought a potion of heal wounds for 65 gold pieces
  2147 | D:4      | Found a staircase to the Ecumenical Temple.
  2172 | Temple   | Entered the Ecumenical Temple
  2609 | D:4      | Reached skill level 5 in Axes
  2609 | D:4      | Reached XP level 7. HP: 37/54 MP: 7/7
  2824 | D:4      | Reached skill level 6 in Shields
  2945 | D:5      | Entered Level 5 of the Dungeon
  3009 | D:5      | Found an opulent altar of Gozag.
  3061 | D:5      | Noticed Sigmund
  3087 | D:5      | Killed Sigmund
  3087 | D:5      | Reached XP level 8. HP: 60/60 MP: 8/8
  3472 | D:5      | Reached skill level 7 in Shields
  4148 | D:5      | Found a runed door.
  4169 | D:5      | Found a runed door.
  4288 | D:6      | Noticed Menkaure
  4508 | D:6      | HP: 1/60 [Menkaure/nerve-wracking pain (9)]
  4510 | D:6      | Killed Menkaure
  4510 | D:6      | Reached skill level 8 in Axes
  4510 | D:6      | Reached XP level 9. HP: 30/65 MP: 9/9
  5256 | D:6      | Found a deep blue altar of Sif Muna.
  5333 | D:6      | Found a basalt altar of Yredelemnul.
  5397 | D:6      | Reached skill level 9 in Axes
  5563 | D:7      | Noticed magog001's ghost (novice FoHu)
  5665 | D:7      | Found a glowing silver altar of Zin.
  5668 | D:7      | Noticed Duvessa
  5668 | D:7      | Noticed Dowan
  5682 | D:7      | Killed Duvessa
  5687 | D:7      | Killed Dowan
  5885 | D:7      | You fall through a shaft!
  6045 | D:8      | Noticed Grum
  6060 | D:8      | Reached skill level 10 in Axes
  6228 | D:8      | Killed Grum
  6233 | D:8      | You fall through a shaft for 3 floors!
  6463 | D:11     | Noticed an unseen horror
  6496 | D:11     | Killed an unseen horror
  6496 | D:11     | Reached skill level 10 in Shields
  6496 | D:11     | Reached XP level 10. HP: 40/71 MP: 10/10
  6822 | D:11     | Reached skill level 11 in Axes
  6899 | D:11     | Noticed a gargoyle
  6909 | D:10     | Entered Level 10 of the Dungeon
  7031 | D:10     | Found Dekkakk's Magic Scroll Shoppe.
  7167 | D:9      | Found a blossoming altar of Fedhas.
  7216 | D:9      | Found a basalt altar of Yredelemnul.
  7270 | D:9      | Found a snail-covered altar of Cheibriados.
  7274 | D:9      | Noticed Gastronok
  7619 | D:8      | Found a staircase to the Lair.
  7818 | D:8      | Found a bloodstained altar of Trog.
  8142 | D:9      | Found an ancient bone altar of Kikubaaqudgha.
  8172 | D:9      | Became a worshipper of Cheibriados the Contemplative
  8479 | D:8      | Found Iromusho's General Store.
  8483 | D:8      | Bought a scroll of identify for 28 gold pieces
  8533 | D:7      | Reached skill level 12 in Axes
  8535 | D:7      | Reached * piety under Cheibriados
  8539 | D:7      | Found a shimmering altar of Xom.
  8539 | D:7      | Found a shimmering altar of Xom.
  8541 | D:7      | Found a shimmering altar of Xom.
  8541 | D:7      | Found a shimmering altar of Xom.
  8624 | D:7      | Killed magog001's ghost
  8624 | D:7      | Reached skill level 1 in Dodging
  8822 | D:7      | Found a radiant altar of Vehumet.
  9093 | D:8      | Reached XP level 11. HP: 76/78 MP: 11/11
  9120 | D:8      | Noticed Erica
  9128 | D:8      | You fall through a shaft for 2 floors!
  9772 | D:8      | Killed Erica
 10012 | D:8      | Reached ** piety under Cheibriados
 10142 | Lair:1   | Entered Level 1 of the Lair of Beasts
 10236 | Lair:1   | Noticed Urug
 10260 | Lair:1   | You fall through a shaft!
 10487 | Lair:2   | Noticed a seven-headed hydra
 10495 | Lair:2   | You fall through a shaft!
 10629 | Lair:3   | Reached skill level 5 in Armour
 10719 | Lair:3   | Reached skill level 5 in Fighting
 10744 | Lair:3   | Noticed a four-headed hydra
 10754 | Lair:3   | You fall through a shaft for 2 floors!
 10908 | Lair:5   | Found a dark tunnel.
 10920 | Lair:5   | Reached *** piety under Cheibriados
 10931 | Volcano  | Entered a volcano
 11398 | Volcano  | Reached skill level 5 in Dodging
 11627 | Lair:4   | Noticed Maud
 11703 | Lair:5   | Reached XP level 12. HP: 64/87 MP: 12/12
 11720 | Lair:5   | Reached skill level 13 in Axes
 11912 | Lair:5   | Killed Maud
 12206 | Lair:4   | Noticed a five-headed hydra
 12298 | Lair:4   | Killed a one-headed hydra
 12313 | Lair:4   | Reached **** piety under Cheibriados
 12411 | Lair:4   | Noticed a griffon
 12423 | Lair:4   | Killed a griffon
 12713 | Lair:4   | Found a staircase to the Snake Pit.
 12830 | Lair:3   | Killed a one-headed hydra
 12886 | Lair:3   | Noticed Fannar
 12902 | Lair:3   | Killed Fannar
 12964 | Lair:3   | Reached ***** piety under Cheibriados
 13023 | Lair:2   | Reached XP level 13. HP: 89/96 MP: 13/13
 13083 | Lair:1   | Reached skill level 14 in Axes
 13213 | Lair:1   | Killed Urug
 13856 | Lair:2   | Killed a three-headed hydra
 14340 | Lair:2   | Reached skill level 15 in Shields
 14549 | Lair:2   | Reached ****** piety under Cheibriados
 14888 | Lair:3   | Reached skill level 1 in Invocations
 15019 | Lair:4   | Noticed an eight-headed hydra
 15028 | Lair:4   | Killed a five-headed hydra
 15564 | Lair:5   | Found a staircase to the Shoals.
 15685 | Lair:5   | Noticed a death yak
 15697 | Lair:5   | Killed a death yak
 16153 | Lair:5   | Reached XP level 14. HP: 90/103 MP: 17/17
 16541 | Lair:6   | Reached skill level 5 in Invocations
 17585 | Lair:7   | Found a staircase to the Slime Pits.
 17586 | Lair:7   | Found a viscous altar of Jiyva.
 17688 | Lair:7   | You fall through a shaft!
 17688 | Lair:8   | Entered Level 8 of the Lair of Beasts
 18571 | Lair:8   | Reached XP level 15. HP: 113/113 MP: 21/21
 18754 | Lair:8   | Noticed jazmu's ghost (journeyman GrSk)
 18800 | Lair:8   | Killed jazmu's ghost
 19854 | D:9      | Killed Gastronok
 19854 | D:9      | Reached skill level 15 in Axes
 20049 | D:9      | Found a glowing golden altar of the Shining One.
 20216 | D:10     | Noticed Sonja
 20216 | D:10     | Killed Sonja
 20227 | D:10     | Found a staircase to the Orcish Mines.
 20361 | D:10     | Reached skill level 10 in Invocations
 20419 | D:10     | Noticed Maurice
 20428 | D:10     | Killed Maurice
 20463 | D:10     | Noticed Joseph
 20512 | D:10     | Killed Joseph
 20585 | D:10     | Noticed a cyclops
 20593 | D:10     | Killed a cyclops
 20603 | D:10     | Found a glowing golden altar of the Shining One.
 20618 | D:10     | Reached skill level 10 in Armour
 20822 | Orc:1    | Entered Level 1 of the Orcish Mines
 20822 | Orc:1    | Found a burning altar of Makhleb.
 21477 | Orc:3    | Noticed Josephine
 21485 | Orc:3    | Killed Josephine
 21485 | Orc:3    | Reached skill level 10 in Fighting
 21867 | Orc:3    | Noticed Erolcha
 21942 | Orc:2    | Found Eaagaf's Eclectic Emporium.
 22039 | Orc:2    | Found Palucronk's Book Shop.
 22175 | Orc:2    | You fall through a shaft for 2 floors!
 22175 | Orc:4    | Entered Level 4 of the Orcish Mines
 22218 | Orc:4    | Noticed Rupert
 22235 | Orc:4    | Killed Rupert
 22260 | Orc:4    | Reached XP level 16. HP: 59/123 MP: 18/24
 22265 | Orc:4    | HP: 5/123 [ogre mage/bolt of cold (55)]
 22736 | Orc:4    | Found Wakusi's Weapon Boutique.
 22736 | Orc:4    | Found Renedut's Weapon Shoppe.
 22736 | Orc:4    | Found Fascheask's Armour Emporium.
 22736 | Orc:4    | Found Uthot Nesarr's Weapon Boutique.
 23001 | Orc:3    | Noticed Nergalle
 23008 | Orc:3    | You fall through a shaft!
 23071 | Orc:3    | Killed Erolcha
 23188 | Orc:3    | Killed Nergalle
 23231 | Orc:3    | Found a staircase to the Elven Halls.
 23765 | D:11     | Killed a gargoyle
 24874 | D:13     | Found a white marble altar of Elyvilon.
 24874 | D:13     | Found a runed door.
 24978 | D:13     | Found Conoseh's Antique Armour Boutique.
 24982 | D:13     | Bought a jewelled cloak for 256 gold pieces
 24994 | D:13     | Identified the +2 cloak of Lugonu's Reproof {Slay+3} (You bought it in a shop on level 13 of the Dungeon)
 25763 | D:13     | Found a radiant altar of Vehumet.
 25795 | D:13     | Found a deep blue altar of Sif Muna.
 25807 | D:13     | Found a runed door.
 25811 | D:13     | Found a bloodstained altar of Trog.
 25814 | D:13     | Found a stormy altar of Qazlal.
 25869 | D:13     | Found a sparkling altar of Nemelex Xobeh.
 25895 | D:13     | Found a radiant altar of Vehumet.
 26301 | D:14     | Found a gate to the Vaults.
 26795 | D:15     | Entered Level 15 of the Dungeon
 26846 | D:15     | Found a staircase to the Depths.
 26954 | D:15     | Found a sparkling altar of Nemelex Xobeh.
 26987 | D:15     | Reached XP level 17. HP: 131/131 MP: 26/26
 27060 | D:15     | Reached skill level 16 in Axes
 27965 | Snake:1  | Entered Level 1 of the Snake Pit
 28454 | Snake:1  | Reached skill level 10 in Dodging
 28956 | Snake:2  | Noticed Roxanne
 29032 | Snake:2  | Noticed Jorgrun
 29050 | Snake:2  | Killed Jorgrun
 29228 | Snake:2  | Noticed Asterion
 29246 | Snake:2  | Killed Asterion
 29925 | Snake:2  | Killed Roxanne
 29925 | Snake:2  | Reached XP level 18. HP: 60/140 MP: 28/28
 30442 | Snake:3  | Reached skill level 17 in Axes
 30447 | Snake:3  | Reached skill level 15 in Invocations
 30661 | Snake:4  | Entered Level 4 of the Snake Pit
 31054 | Snake:4  | Reached XP level 19. HP: 101/148 MP: 30/30
 31254 | Snake:4  | Got a serpentine rune of Zot
 31411 | Snake:4  | Noticed Glorfindel's ghost (journeyman HEAs)
 31435 | Snake:4  | Killed Glorfindel's ghost
 31857 | Shoals:1 | Entered Level 1 of the Shoals
 31985 | Shoals:1 | Found Laosotz's Book Shoppe.
 32086 | Shoals:1 | Learned a level 1 spell: Summon Butterflies
 32544 | Shoals:2 | Found Veucs's Book Boutique.
 32911 | Shoals:3 | Reached skill level 18 in Axes
 32999 | Shoals:3 | Noticed Polyphemus
 33024 | Shoals:3 | Killed Polyphemus
 33038 | Shoals:4 | Entered Level 4 of the Shoals
 33573 | Shoals:4 | Reached XP level 20. HP: 120/156 MP: 32/32
 33673 | Shoals:4 | Got a barnacled rune of Zot
 33748 | Shoals:4 | Learned a level 1 spell: Corona
 33912 | Shoals:4 | Noticed Ilsuiw
 33939 | Shoals:4 | Killed Ilsuiw
 35089 | Elf:1    | Entered Level 1 of the Elven Halls
 35154 | Elf:1    | Found a radiant altar of Vehumet.
 36194 | Elf:2    | Reached skill level 19 in Axes
 36347 | Elf:2    | Found a radiant altar of Vehumet.
 36523 | Elf:2    | Found a runed gate.
 36525 | Elf:2    | Found a runed gate.
 36525 | Elf:2    | Found a runed gate.
 36852 | Elf:2    | Noticed Azrael
 36864 | Elf:2    | Killed Azrael
 36864 | Elf:2    | Reached XP level 21. HP: 114/165 MP: 33/33
 36879 | Elf:2    | Noticed Saint Roka
 37264 | Elf:2    | Killed Saint Roka
 37294 | Elf:3    | Entered Level 3 of the Elven Halls
 37992 | Elf:3    | Reached skill level 20 in Axes
 38121 | Elf:3    | Reached skill level 15 in Armour
 38165 | Elf:3    | Reached skill level 15 in Fighting
 38240 | Elf:3    | Reached XP level 22. HP: 147/175 MP: 24/34
 38430 | Elf:3    | Identified the Tome of the Voyage and Snow (You found it on level 3 of the Elven Halls)
 39249 | Vaults:1 | Entered Level 1 of the Vaults
 39999 | Vaults:1 | Noticed Norris
 40014 | Vaults:1 | Killed Norris
 40593 | Vaults:1 | Noticed Aizul
 40607 | Vaults:1 | Killed Aizul
 40635 | Vaults:1 | Found Kuodghem's General Store.
 40639 | Vaults:1 | Bought a potion of heal wounds for 85 gold pieces
 41482 | Vaults:2 | Cast into the Abyss (an ogre mage)
 41732 | Abyss:1  | Reached XP level 23. HP: 126/185 MP: 35/35
 42642 | Abyss:1  | Reached skill level 15 in Dodging
 42893 | Vaults:2 | Escaped the Abyss
 43656 | Vaults:3 | Learned a level 2 spell: Shroud of Golubria
 43660 | Vaults:3 | Learned a level 3 spell: Regeneration
 43664 | Vaults:3 | Learned a level 3 spell: Spectral Weapon
 43806 | Vaults:3 | Reached skill level 1 in Charms
 43815 | Vaults:3 | Reached skill level 1 in Summonings
 43846 | Vaults:3 | Reached skill level 1 in Hexes
 43897 | Vaults:3 | Reached skill level 1 in Necromancy
 43954 | Vaults:3 | Found Uneakept's Assorted Antiques.
 43957 | Vaults:3 | Reached skill level 1 in Spellcasting
 43969 | Vaults:3 | Reached skill level 1 in Translocations
 44172 | Vaults:3 | Reached XP level 24. HP: 189/195 MP: 35/35
 44216 | Vaults:3 | Found a staircase to the Crypt.
 44216 | Vaults:3 | Found a basalt altar of Yredelemnul.
 44217 | Vaults:3 | Found an ancient bone altar of Kikubaaqudgha.
 44283 | Vaults:3 | Found Usyrebyi's Magic Scroll Shop.
 44799 | Crypt:1  | Entered Level 1 of the Crypt
 45172 | Vaults:4 | Noticed Margery
 45179 | Vaults:4 | Killed Margery
 45279 | Vaults:4 | Reached skill level 5 in Hexes
 45465 | Vaults:4 | Reached skill level 5 in Necromancy
 45532 | Vaults:4 | Found a deep blue altar of Sif Muna.
 45733 | Vaults:4 | Noticed Mara
 45738 | Vaults:4 | Noticed Ladykiller69's illusion
 45746 | Vaults:4 | Killed Mara
 45746 | Vaults:4 | Reached skill level 5 in Charms
 46026 | Vaults:4 | Reached XP level 25. HP: 202/202 MP: 35/35
 46119 | Vaults:5 | Entered Level 5 of the Vaults
 46124 | Vaults:5 | Reached skill level 5 in Summonings
 46141 | Vaults:5 | Reached skill level 5 in Spellcasting
 46143 | Vaults:5 | Reached skill level 5 in Translocations
 46144 | Vaults:5 | Hit by a large rock thrown by a stone giant

Action                   |  1- 3 |  4- 6 |  7- 9 | 10-12 | 13-15 | 16-18 | 19-21 | 22-24 | 25-27 || total
-------------------------+-------+-------+-------+-------+-------+-------+-------+-------+-------++-------
Melee: War axe           |   100 |   163 |   331 |   782 |  1225 |  1557 |  1064 |       |       ||  5222
       Battleaxe         |       |       |       |       |       |       |   476 |  1332 |    21 ||  1829
Throw: Tomahawk          |       |       |    10 |       |       |       |       |       |       ||    10
 Cast: Regeneration      |       |       |       |       |       |       |       |       |     1 ||     1
Invok: Bend Time         |       |       |       |     3 |     2 |     1 |       |       |       ||     6
       Slouch            |       |       |       |       |     2 |     2 |     6 |     5 |     2 ||    17
       Step From Time    |       |       |       |       |       |     2 |     4 |       |     1 ||     7
       Temporal Distorti |       |       |       |       |       |     4 |    11 |     1 |       ||    16
 Abil: Dig               |       |     2 |     7 |    30 |    13 |    10 |    17 |     3 |       ||    82
       Shaft Self        |       |       |     2 |     4 |       |     1 |       |       |       ||     7
  Use: Potion            |       |       |     3 |     1 |     2 |     2 |     1 |     1 |       ||    10
       Scroll            |       |       |       |     5 |    10 |    17 |     2 |     1 |       ||    35
 Stab: Petrified         |       |       |       |       |       |       |     3 |       |       ||     3
       Petrifying        |       |       |       |       |       |       |     1 |       |       ||     1
       Distracted        |       |       |       |       |       |       |     1 |       |       ||     1
  Eat: Chunk             |       |     5 |    12 |    15 |    17 |    14 |    13 |    16 |     1 ||    93
       Fruit             |       |       |     2 |       |       |     9 |       |     3 |       ||    14
       Beef jerky        |       |       |     1 |     2 |       |     3 |     2 |     2 |       ||    10
       Royal jelly       |       |       |       |     1 |       |       |       |       |       ||     1
       Pizza             |       |       |       |       |     2 |       |     1 |       |       ||     3
       Meat ration       |       |       |       |       |       |       |     2 |       |       ||     2
